Map: Mech Depot LE

Players

Cuervo - Winner!

  • Race: Zerg Zerg
  • Spawn Location: 1:00

Arcturus

  • Race: Zerg Zerg
  • Spawn Location: 7:00

VOD

Have the link to the VOD?

Description

Time

  • Played on: Sept. 21, 2017, 7:56 a.m.
  • Length: 7:42
Show
View Real Time Build Order
Export as new Build Order

Cuervo Zerg - Winner!

Build Orders: Pool First 

Get SALT Encoding   

  12  0:01  Drone  
  13  0:12  Overlord  
  13  0:18  Drone  
  14  0:25  Overlord  
  14  0:31  Drone  
  16  0:35  Drone  
  16  0:49  Spawning Pool  
  15  0:52  Drone  
  16  1:01  Drone  
  17  1:18  Hatchery  
  17  1:20  Drone  
  17  1:24  Extractor  
  16  1:26  Drone  
  16  1:31  Drone  
  18  1:39  Queen  
  20  1:43  Drone  
  21  1:50  Zergling x2  
  23  2:01  Zergling x2  
  23  2:11  Zergling x2  
  24  2:16  Queen  
  26  2:29  Drone  
  27  2:39  Drone x2  
  27  2:41  Metabolic Boost  
  29  2:45  Drone  
  29  2:46  Drone  
  29  2:48  Queen  
  33  2:59  Roach Warren, Drone  
  33  3:00  Drone x3  
  33  3:05  Overlord  
  36  3:11  Baneling Nest  
  36  3:12  Extractor  
  35  3:27  Zergling x12  
  35  3:29  Drone  
  41  3:40  Evolution Chamber  
  40  3:41  Evolution Chamber  
  40  3:42  Drone  
  40  3:43  Drone  
  41  3:48  Overlord  
  41  4:01  Drone x3  
  44  4:08  Drone  
  44  4:09  Drone x3  
  48  4:21  Zerg Ground Armor Level 1  
  48  4:22  Zerg Melee Weapons Level 1  
  48  4:24  Drone  
  48  4:26  Drone  
  48  4:29  Overlord  
  50  4:39  Drone x2  
  50  4:42  Lair  
  50  4:45  Overlord  
  52  4:47  Overlord  
  52  4:49  Drone  
  52  4:55  Baneling  
  52  4:56  Baneling x2  
  52  5:07  Drone x3, Spine Crawler  
  51  5:08  Drone  
  50  5:25  Zergling x4  
  50  5:26  Zergling x16  
  45  5:48  Drone x2  
  45  5:49  Drone x2  
  46  5:55  Drone  
  47  5:58  Centrifical Hooks  
  47  5:59  Glial Reconstitution  
  47  6:02  Drone  
  48  6:15  Drone x3  
  48  6:17  Hatchery  
  50  6:29  Baneling  
  50  6:30  Baneling x4  
  50  6:37  Zergling x2  
  50  6:38  Zergling x14  
  57  6:48  Zergling x4  
  56  7:15  Zergling x12  
  56  7:16  Zergling x4  
  65  7:23  Drone  
  65  7:24  Drone x3  
Show
View Real Time Build Order
Export as new Build Order

Arcturus Zerg 

Build Orders: Hatch First 

Get SALT Encoding   

  12  0:01  Drone  
  13  0:13  Overlord  
  13  0:17  Drone  
  14  0:33  Drone x2  
  14  0:35  Drone  
  17  0:54  Hatchery  
  16  1:01  Drone  
  17  1:13  Spawning Pool  
  17  1:15  Drone  
  17  1:20  Extractor  
  17  1:22  Drone  
  17  1:25  Drone  
  18  1:30  Drone  
  19  1:39  Overlord  
  19  1:56  Drone  
  20  2:07  Queen x2  
  24  2:13  Zergling x6  
  27  2:23  Baneling Nest  
  27  2:25  Drone  
  27  2:26  Drone  
  28  2:32  Extractor  
  27  2:50  Metabolic Boost  
  27  2:55  Drone  
  27  2:56  Drone x2  
  30  3:00  Drone  
  31  3:07  Drone  
  31  3:08  Drone  
  31  3:09  Drone  
  31  3:11  Overlord  
  34  3:29  Evolution Chamber  
  33  3:39  Zergling x6  
  36  4:02  Overlord x2  
  36  4:08  Zerg Melee Weapons Level 1  
  36  4:16  Lair  
  36  4:21  Burrow  
  36  4:29  Zergling x2  
  36  4:30  Zergling x16  
  45  4:35  Drone x3  
  45  4:36  Drone  
  49  4:39  Overlord  
  49  4:42  Drone x2  
  51  5:03  Baneling x9  
  51  5:04  Baneling x3  
  51  5:15  Drone x6  
  51  5:20  Extractor  
  55  5:22  Extractor  
  47  5:28  Zergling x6  
  47  5:29  Zergling x6  
  46  6:02  Hydralisk Den  
  45  6:17  Drone x4  
  45  6:18  Drone x2  
  49  6:40  Hydralisk  
  49  6:41  Hydralisk x4  
  49  6:43  Overlord  
  49  6:44  Overlord x3  
  59  6:53  Spine Crawler  
  58  6:57  Hatchery  
  38  7:23  Drone x6  
Tags
 
Add a new tag
Caveats
  • Supply blocks, unpowered buildings, or Contaminate may cause inaccurate times.
  • Supply counts are checked every 10 seconds.